 Dungeon Crawl Stone Soup version 0.23-a0-681-g26ad783 (webtiles) character file.

2030 rz the Geomancer (level 9, 0/45 HPs)
             Began as a Gargoyle Earth Elementalist on Jan 11, 2019.
             Slain by a sixfirhy (3 damage)
             ... on level 1 of the Abyss.
             The game lasted 00:11:09 (7823 turns).

rz the Geomancer (Gargoyle Earth Elementalist)      Turns: 7823, Time: 00:11:09

Health: 0/45       AC: 14    Str: 12    XL:     9   Next: 23%
Magic:  17/17      EV: 13    Int: 19    God:
Gold:   319        SH:  0    Dex: 10    Spells: 10/19 levels left

rFire    + . .     SeeInvis +   r - +3 whip (venom)
rCold    + . .     Gourm    .   (no shield)
rNeg     + . .     Faith    .   B - +3 leather armour {rF+}
rPois    ∞         Spirit   .   h - +0 helmet
rElec    +         Reflect  .   k - scarf {repulsion}
rCorr    .         Harm     .   (no gloves)
MR       .....                  y - +0 pair of boots
Stlth    ++........             (no amulet)
HPRegen  0.15/turn              A - ring of see invisible
MPRegen  0.15/turn              F - ring of protection from cold

@: about to teleport, repel missiles
A: negative energy resistance 1, electricity resistance, unbreathing,
petrification resistance, rot immunity, AC +6
a: no special abilities


You were on level 1 of the Abyss.
You were not hungry.

You visited 1 branch of the dungeon, and saw 7 of its levels.
You visited the Abyss 1 time.

You collected 319 gold pieces.

Inventory:

Hand Weapons
 r - a +3 whip of venom (weapon)
Missiles
 b - 158 stones (quivered)
Armour
 c - a +0 robe
 h - a +0 helmet (worn)
 k - a scarf of repulsion (worn)
 y - a +0 pair of boots (worn)
 B - a +3 leather armour of fire resistance (worn)
 E - a +0 shield
Magical Staves
 v - an uncursed staff of energy
Jewellery
 g - a cursed ring of attention {unknown}
 o - a +3 ring of strength
 A - a ring of see invisible (left hand)
 D - an uncursed ring of resist corrosion
 F - a ring of protection from cold (right hand)
 I - an uncursed amulet of magic regeneration {unknown}
Wands
 G - a wand of disintegration (10)
 H - a wand of iceblast (6)
Scrolls
 f - 2 scrolls of enchant weapon
 i - 3 scrolls of teleportation
 l - a scroll of immolation {unknown}
 m - 6 scrolls of identify
 q - a scroll of enchant armour {unknown}
 s - 3 scrolls of remove curse
 z - a scroll of fog {unknown}
 C - a scroll of random uselessness {unknown}
 J - 2 scrolls of amnesia {unknown}
 L - a scroll of vulnerability {unknown}
Potions
 a - a potion of haste {unknown}
 e - 3 potions of ambrosia {unknown}
 j - 3 potions of curing {unknown}
 n - a potion of might {unknown}
 p - 3 potions of brilliance {unknown}
 t - a potion of resistance {unknown}
 u - a potion of flight {unknown}
 w - a potion of heal wounds {unknown}
 x - 2 potions of cancellation {unknown}
Comestibles
 d - 19 rations
 K - 19 chunks of flesh


   Skills:
 + Level 5.1 Dodging
 - Level 2.1 Stealth
 + Level 5.7 Spellcasting
   Level 0.7 Transmutations
 * Level 10.5 Earth Magic


You had 10 spell levels left.
You knew the following spells:

 Your Spells              Type           Power        Failure   Level  Hunger
a - Sandblast             Erth           #####.       1%          1    None
b - Stone Arrow           Conj/Erth      ####..       4%          3    ##.....
c - Lee's Rapid Deconstr  Erth           #####.....   5%          5    #####..

Your spell library contained the following spells:

 Spells                   Type           Power        Failure   Level  Hunger
 Passwall                 Tmut/Erth      ####....     2%          2    None
 Corona                   Hex            #......      14%         1    None
 Petrify                  Tmut/Erth      ####....     14%         4    ####...
 Ensorcelled Hibernation  Hex/Ice        #.....       22%         2    None
 Confuse                  Hex            #.......     41%         3    ##.....
 Dazzling Spray           Conj/Hex       #.....       41%         3    ##.....
 Tukima's Dance           Hex            #.......     41%         3    ##.....


Dungeon Overview and Level Annotations

Branches:
Dungeon (7/15)             Temple (0/1) D:4

Altars:
The Shining One


Innate Abilities, Weirdness & Mutations

You are resistant to torment.
Your stone body is resilient. (AC +6)
You are immune to poison.
You resist negative energy. (rN+)
You are resistant to electric shocks. (rElec)
You can survive without breathing.
You are immune to petrification.
You are immune to rotting.


Message History

The insubstantial wisp blinks!
A sixfirhy comes into view.
The sixfirhy closely misses you. The sixfirhy hits you.
The sixfirhy shocks you. You resist. The sixfirhy hits you.
The sixfirhy shocks you. You resist. The sixfirhy hits you.
The sixfirhy shocks you. You resist. The sixfirhy misses you.
The sixfirhy hits you. The sixfirhy shocks you. You resist.
The sixfirhy hits you but does no damage.
As you read the scroll of teleportation, it crumbles to dust.
You feel strangely unstable.
You feel the power of the Abyss delaying your translocation!
The sixfirhy hits you. The sixfirhy shocks you. You resist.
The sixfirhy closely misses you. The sixfirhy hits you!
* * * LOW HITPOINT WARNING * * *
The sixfirhy shocks you. You resist.
* * * LOW HITPOINT WARNING * * *
The sixfirhy hits you but does no damage. x2
The sixfirhy closely misses you. The sixfirhy hits you.
You die...

#... .........
#.. ..... .. ##.#
## ##..##
##...###..##..##
.#.....#...v.....
#......vv.###.. .
####...##.##..#.
#.#.#3..#.#... #.
#.#@#.##.##. .
#.#.#......#
#.###.#.#.... ##
..#..#.. #.. .#
##. .# .# # .


You could see a sixfirhy and an insubstantial wisp.

Vanquished Creatures
  Eustachio (D:4)
  Menkaure (D:4)
  A water moccasin (D:6)
  An orc warrior (D:7)
  2 sky beasts
  2 ogres
  A phantom (D:4)
  A centaur (D:7)
  3 bullfrogs (D:6)
  A scorpion (D:4)
  2 howler monkeys (D:7)
  3 crimson imps
  2 bullfrog zombies (D:5)
  2 orc priests
  A hound (D:5)
  2 bullfrog skeletons
  Natasha (D:4)
  3 orc wizards
  4 worker ants
  3 worker ant zombies
  A gnoll (D:1)
  5 adders
  A shadow imp (D:6)
  An adder skeleton (D:5)
  4 worms
  3 leopard geckos
  17 orcs
  10 bats
  8 giant cockroaches
  4 goblins
  12 hobgoblins
  7 jackals
  11 kobolds
  5 quokkas
  A ball python (D:5)
  A ball python skeleton (D:5)
  4 frilled lizards
  8 rats
140 creatures vanquished.

Notes
Turn   | Place    | Note
-------+----------+-------------------------------------------
     0 | D:1      | rz the Gargoyle Earth Elementalist began the quest for the
                  | Orb.
     0 | D:1      | Reached XP level 1. HP: 10/10 MP: 3/3
   100 | D:1      | Reached skill level 4 in Earth Magic
   100 | D:1      | Reached XP level 2. HP: 15/15 MP: 0/5
   545 | D:1      | Reached XP level 3. HP: 10/19 MP: 4/6
  1723 | D:2      | Reached XP level 4. HP: 24/24 MP: 7/7
  2099 | D:2      | Reached skill level 5 in Earth Magic
  2617 | D:3      | Learned a level 3 spell: Stone Arrow
  2765 | D:3      | Reached XP level 5. HP: 17/28 MP: 7/9
  3343 | D:4      | Reached skill level 6 in Earth Magic
  3343 | D:4      | Reached XP level 6. HP: 27/32 MP: 10/10
  3639 | D:4      | Noticed a phantom
  3675 | D:4      | Killed a phantom
  4373 | D:4      | Found a staircase to the Ecumenical Temple.
  4633 | D:4      | Noticed Natasha
  4643 | D:4      | Killed Natasha
  4646 | D:4      | Noticed Eustachio
  4668 | D:4      | Killed Eustachio
  4668 | D:4      | Reached skill level 7 in Earth Magic
  4668 | D:4      | Reached XP level 7. HP: 26/36 MP: 9/12
  4777 | D:4      | Noticed Menkaure
  4842 | D:4      | Killed Menkaure
  4842 | D:4      | Reached skill level 8 in Earth Magic
  5203 | D:5      | Entered Level 5 of the Dungeon
  5396 | D:5      | Reached XP level 8. HP: 35/41 MP: 14/14
  6541 | D:6      | Reached skill level 9 in Earth Magic
  6589 | D:6      | Reached skill level 5 in Spellcasting
  6864 | D:6      | Found a glowing golden altar of the Shining One.
  7270 | D:7      | Reached skill level 10 in Earth Magic
  7270 | D:7      | Reached XP level 9. HP: 26/45 MP: 15/17
  7417 | D:7      | Learned a level 5 spell: Lee's Rapid Deconstruction
  7443 | D:7      | Reached skill level 5 in Dodging
  7783 | D:7      | Cast into level 1 of the Abyss (gnoll sergeant)
  7810 | Abyss:1  | Noticed a sixfirhy
  7819 | Abyss:1  | HP: 2/45 [sixfirhy (3)]
  7823 | Abyss:1  | Slain by a sixfirhy

Vault maps used:
D:1:      dpeg_arrival_yet_another_circle, serial_rivers,
          chequers_serial_rivers_micro_c, chequers_serial_rivers_micro_e,
          chequers_serial_rivers_small_3, chequers_serial_rivers_micro_a,
          chequers_serial_rivers_micro_b, chequers_serial_rivers_micro_d,
          nrook_mini_vaults
D:4:      minmay_temple_entry_mist, first_ration, uniq_menkaure, uniq_eustachio,
          uniq_natasha
D:5:      nicolae_sextant, chequers_hall_statues_wall_a,
          kennysheep_generic_room_14
D:6:      nicolae_tso_carved_into_rock
D:7:      kennysheep_vampire_church

Skill      XL: |  1  2  3  4  5  6  7  8  9 |
---------------+----------------------------+-----
Earth Magic    | 4 5 6 7 8 10 | 10.5
Dodging        | 2 3 4 5 |  5.1
Spellcasting   | 3 4 5 |  5.7
Stealth        | |  2.1
Transmutations | |  0.7

Action                   |  1- 3 |  4- 6 |  7- 9 || total
-------------------------+-------+-------+-------++-------
Melee: Spear             |   150 |   157 |       ||   307
       Whip              |       |    76 |   252 ||   328
 Cast: Sandblast         |     8 |     9 |    19 ||    36
       Stone Arrow       |       |       |     3 ||     3
       Lee's Rapid Decon |       |       |     1 ||     1
  Use: Scroll            |       |     4 |     4 ||     8
 Stab: Sleeping          |     3 |     7 |     3 ||    13
  Eat: Chunk             |     3 |     9 |     8 ||    20
       Ration            |       |       |     1 ||     1
Armor: Robe              |    41 |    84 |    32 ||   157
       Leather armour    |       |       |    70 ||    70
Dodge: Dodged            |    72 |   152 |   205 ||   429
       Deflected         |       |       |     1 ||     1

Table legend:
 A = Non-vault XP
 B = Vault XP
 C = Vault XP percentage of total XP
 D = Non-vault monster count
 E = Vault monster count
 F = Vault count percentage of total count
                 A         B        C        D         E       F
            +---------+---------+-------+---------+---------+-------
      Total |    2508 |     392 |  13.5 |     137 |       3 |   2.1
            +---------+---------+-------+---------+---------+-------
        D:1 |      42 |       0 |   0.0 |      16 |       0 |   0.0
        D:2 |      76 |       0 |   0.0 |      30 |       0 |   0.0
        D:3 |      91 |       0 |   0.0 |      21 |       0 |   0.0
        D:4 |     483 |     392 |  44.8 |      18 |       3 |  14.3
        D:5 |     425 |       0 |   0.0 |      17 |       0 |   0.0
        D:6 |     687 |       0 |   0.0 |      17 |       0 |   0.0
        D:7 |     704 |       0 |   0.0 |      18 |       0 |   0.0
            +---------+---------+-------+---------+---------+-------
